 Dungeon Crawl Stone Soup version 0.18.1-5-g4a78601 (webtiles) character file.

35 dracos369 the Conjurer (level 3, -3/18 HPs)
             Began as a Vine Stalker Conjurer on May 13, 2016.
             Slain by an adder (4 damage)
             ... on level 2 of the Dungeon.
             The game lasted 00:02:35 (930 turns).

dracos369 the Conjurer (Vine Stalker Conjurer)       Turns: 930, Time: 00:02:36

Health: -3/18      AC:  2    Str: 10    XL:     3   Next: 33%
Magic:  0/8        EV: 12    Int: 15    God:
Gold:   86         SH:  0    Dex: 15    Spells: 1 memorised, 6 levels left

rFire  . . .     SeeInvis .     e - +0 short sword
rCold  . . .     Gourm    .     a - +0 robe
rNeg   . . .     Faith    .     (no shield)
rPois  .         Spirit   +     (no helmet)
rElec  .         Dismiss  .     (no cloak)
rCorr  .         Reflect  .     (no gloves)
SustAt .         Harm     .     (no boots)
MR     .....                    (no amulet)
Stlth  ++........               (no ring)
                                (no ring)

@: lethally poisoned (-3 -> -6), not resistant to hostile enchantments,
unstealthy
A: fangs 2, regeneration 1, magic shield, antimagic bite, no device heal 3, rot
immunity
a: no special abilities


You were on level 2 of the Dungeon.
You were not hungry.

You visited 1 branch of the dungeon, and saw 2 of its levels.

You collected 86 gold pieces.

Inventory:

Hand Weapons
 e - a +0 short sword (weapon)
Armour
 a - a +0 robe (worn)
 k - a +0 buckler
Jewellery
 s - a +5 ring of intelligence {unknown}
Scrolls
 d - a scroll of enchant armour {unknown}
 f - a scroll of recharging {unknown}
 g - a scroll of enchant weapon {unknown}
 h - a scroll of noise {unknown}
 i - 2 scrolls of teleportation {unknown}
 j - a scroll of remove curse {unknown}
 l - 3 scrolls of identify {unknown}
 o - a scroll of blinking {unknown}
 p - a scroll of immolation {unknown}
Potions
 n - 2 potions of curing {unknown}
Books
 b - a book of Conjurations

   Spells                             Type                      Level
   a - Magic Dart                     Conjuration                  1
   b - Searing Ray                    Conjuration                  2
   c - Dazzling Spray                 Conjuration/Hexes            3
   d - Fulminant Prism                Conjuration/Hexes            4
   e - Iskenderun's Mystic Blast      Conjuration                  4
   f - Iskenderun's Battlesphere      Conjuration/Charms           5
Comestibles
 c - a bread ration
 m - a beef jerky
 q - 2 chunks of flesh
 r - 2 meat rations


   Skills:
 + Level 1.3 Fighting
 - Level 1.5 Dodging
 - Level 2.4 Stealth
 * Level 1.2 Shields
 + Level 2.7 Spellcasting
 - Level 4.0 Conjurations


You had 6 spell levels left.
You knew the following spells:

 Your Spells              Type           Power        Failure   Level  Hunger
a - Magic Dart            Conj           ##..         4%          1    #......


Dungeon Overview and Level Annotations

Branches:
Dungeon (2/15)

Altars:
Gozag


Innate Abilities, Weirdness & Mutations

You have extremely sharp teeth.
Your natural rate of healing is unusually fast.
When hurt, damage is shared between your health and your magic reserves.
Your bite disrupts and absorbs the magic of your enemies.
Potions and wands cannot restore your health.
You are immune to rotting.


Message History

You feel sick. The adder misses you.
You barely miss the adder. Your bite misses the adder.
The adder is almost dead.
The adder closely misses you. The adder bites you.
You are more poisoned.
The adder poisons you!
You completely miss the adder. You bite the adder, but do no damage.
The adder is almost dead.
* * * LOW HITPOINT WARNING * * *
You feel sick. The adder bites you.
* * * LOW HITPOINT WARNING * * *
You hit the adder but do no damage. Your bite misses the adder.
The adder is almost dead.
* * * LOW HITPOINT WARNING * * *
You feel sick. The adder misses you. The adder closely misses you.
You completely miss the adder.
The adder is severely wounded.
* * * LOW HITPOINT WARNING * * *
You feel sick. The adder bites you.
You die...

#.##.................#.#..
#.##........##....####.#.#
#.##........###.#.####.#.#
#...........# #.#......#.#
####.######## #.########..
#.# #+## #.....
##############.## #.##..
.......)........###.##..
...#S@.#...#...##.##..
.............(....#.##..
.#...#...#!..#....'.....
..................#.##..
##############(..##.....
...).#######. #...## #.
##+## #. #.


You could see an adder.

Vanquished Creatures
  An adder (D:2)
  3 giant geckos (D:1)
  2 bats (D:1)
  6 goblins (D:1)
  2 hobgoblins (D:1)
  5 kobolds
  A giant newt (D:1)
  A rat (D:2)
21 creatures vanquished.

Notes
Turn   | Place    | Note
--------------------------------------------------------------
     0 | D:1      | dracos369 the Vine Stalker Conjurer began the quest for the Orb.
     0 | D:1      | Reached XP level 1. HP: 9/9 MP: 4/4
    70 | D:1      | Reached skill level 1 in Fighting
    75 | D:1      | Reached XP level 2. HP: 8/14 MP: 1/6
   731 | D:2      | Found an opulent altar of Gozag.
   770 | D:2      | Reached skill level 1 in Shields
   770 | D:2      | Reached XP level 3. HP: 10/18 MP: 6/8
   930 | D:2      | Slain by an adder

Skill      XL: |  1  2 |
---------------+-------+-----
Fighting       | 1 |  1.3
Shields        | 1 |  1.2
Dodging        | |  1.5
Stealth        | |  2.4
Spellcasting   | |  2.7
Conjurations   | |  4.0

Action                   || total
-------------------------++-------
Melee: Short sword       ||    83
       Bite              ||    13
       Unarmed           ||     2
 Cast: Magic Dart        ||     3
Armor: Robe              ||    15
Dodge: Dodged            ||    66
